 Dungeon Crawl Stone Soup version 0.30.1-3-gfc49f6343a (webtiles) character file.

Game seed: 9161528089196551596

274 webuiltaworld the Ruffian (level 6, 0/52 HPs)
             Began as a Ghoul Monk on Aug 5, 2023.
             Was a Priest of Makhleb.
             Slain by an orc warrior
             ... wielding a +0 war axe
              (12 damage)
             ... on level 4 of the Dungeon.
             The game lasted 00:20:05 (2603 turns).

webuiltaworld the Ruffian (Ghoul Monk)              Turns: 2603, Time: 00:20:05

Health: 0/52       AC:  7    Str: 15    XL:     6   Next: 24%
Magic:  5/5        EV: 11    Int:  5    God:    Makhleb [***...]
Gold:   16         SH:  0    Dex: 19    Spells: 5/5 levels left

rFire   + .          .
                       - Unarmed
rCold   + . .        c - orb {light}
rNeg    + + +        o - +1 scale mail {rF+}
rPois   ∞            (no helmet)
rElec   .            (no cloak)
rCorr   .            (no gloves)
SInv    .            (no boots)
Will    .....        p - amulet of faith
Stlth   +            z - +6 ring of dexterity
HPRegen 0.00/turn    (no ring)
MPRegen 0.09/turn

%: faith
@: inhibited regen, glowing
A: claws 1, cold resistance 1, negative energy resistance 3, inhibited
regeneration, torment resistance 2, devour on kill
a: Renounce Religion, Minor Destruction, Lesser Servant of Makhleb


You were on level 4 of the Dungeon.
You worshipped Makhleb.
Makhleb was most pleased with you.
You visited 1 branch of the dungeon, and saw 4 of its levels.

You collected 246 gold pieces.
You spent 230 gold pieces at shops.

Inventory:

Hand Weapons
 g - a +0 club
 l - a +0 sling
 t - a +0 arbalest
Missiles
 d - 40 stones (quivered)
 i - 7 boomerangs
Armour
 c - an orb of light (worn)
 o - a +1 scale mail of fire resistance (worn)
Jewellery
 p - an amulet of faith (around neck)
 y - the ring "Downam Geul" {rC++ MP+9 Str-2}
   (You bought it in a shop on level 4 of the Dungeon)

   [ring of magical power]

   Str:       It affects your strength (-2).
   rC:        It greatly protects you from cold.
   MP:        It affects your magic capacity (+9).
 z - a +6 ring of dexterity (left claw)
Wands
 s - a wand of light (10)
Scrolls
 a - a scroll of enchant weapon {unknown}
 f - 2 scrolls of identify {unknown}
 j - a scroll of fog {unknown}
 r - a scroll of enchant armour {unknown}
 u - a scroll of torment {unknown}
 v - a scroll of fear {unknown}
 w - a scroll of blinking {unknown}
 x - a scroll of vulnerability {unknown}
Potions
 b - a potion of ambrosia
 e - 2 potions of mutation {unknown}
 h - a potion of heal wounds {unknown}
 k - a potion of haste {unknown}
 m - a potion of flight {unknown}
 n - a potion of resistance {unknown}
 q - a potion of curing {unknown}


   Skills:
 + Level 4.2 Fighting
 + Level 1.2 Ranged Weapons
 + Level 1.4 Armour
 + Level 3.6 Dodging
 + Level 1.4 Stealth
 + Level 5.2 Unarmed Combat


You had 5 spell levels left.
You didn't know any spells.
Your spell library contained the following spells:

 Spells                   Type           Power      Damage    Failure   Level
 Animate Armour           Summ/Erth      0%         N/A       100%        4
 Manifold Assault         Tloc           0%         N/A       100%        4
 Dispersal                Tloc           0%         N/A       100%        6
 Iron Shot                Conj/Erth      0%         9d1       100%        6
 Disjunction              Tloc           0%         N/A       100%        8
 Blade Hands              Tmut           Unusable   N/A       N/A         5

Dungeon Overview and Level Annotations

Branches:
Dungeon (4/15)
 Temple: D:4-7

Altars:
Makhleb

Shops:
D:4 *


Innate Abilities, Weirdness & Mutations

You are immune to poison.
You have sharp fingernails.
Your flesh is cold resistant. (rC+)
You are immune to negative energy. (rN+++)
You do not regenerate when monsters are visible.
You are immune to unholy pain and torment.
You thrive by killing the living.


Message History

You scratch the orc warrior but do no damage.
The orc warrior is moderately wounded.
The orc warrior closely misses you.
You scratch the orc warrior but do no damage.
The orc warrior is moderately wounded.
You scratch the orc warrior.
The orc warrior is heavily wounded.
The orc warrior hits you but does no damage.
A dart slug comes into view.
You scratch the orc warrior but do no damage.
The orc warrior is heavily wounded.
The orc warrior hits you with a +0 war axe.
You barely miss the orc warrior.
The orc warrior is heavily wounded.
The orc warrior closely misses you.
You scratch the orc warrior but do no damage.
The orc warrior is heavily wounded.
The orc priest calls down the wrath of Beogh upon you.
Beogh smites you!
The orc warrior hits you with a +0 war axe!
The orc warrior attacks as you move away!
The orc warrior barely misses you.
You claw the orc warrior!
The orc warrior is severely wounded.
The orc warrior attacks as you move away!
The orc warrior closely misses you.
You scratch the orc warrior but do no damage.
The orc warrior is severely wounded.
The orc warrior closely misses you.
You scratch the orc warrior but do no damage.
The orc warrior is severely wounded.
The orc warrior hits you with a +0 war axe.
You scratch the orc warrior but do no damage.
The orc warrior is severely wounded.
The orc warrior hits you with a +0 war axe!
* * * LOW HITPOINT WARNING * * *
You scratch the orc warrior.
The orc warrior is severely wounded.
The orc warrior hits you with a +0 war axe!
You die...

....# #.# ...# #.# .w.# #.#
..# #.# .o# ####.# #.# #....#
#.# #.####
##################o# #.#
................@oo# #.#
#################### #.#
...#.....##......... #.#
##.##.##.##.########## #.#
......#..............# #.#
.#.#..#..##.########.######.#
.#.#......#.# #........#
##.#..#####.# ##########
...#........#


You could see an orc warrior and 2 orcs.

Vanquished Creatures
  A scorpion (D:4)
  An iguana (D:4)
  Natasha (thrice) (D:2)
  3 adders
  A worm (D:3)
  3 dart slugs (D:1)
  4 orcs (D:3)
  10 ball pythons
  4 endoplasms
  A giant cockroach (D:2)
  7 goblins
  4 hobgoblins
  8 jackals
  6 kobolds
  6 quokkas
  4 bats
  6 frilled lizards
  7 rats
79 creatures vanquished.

Notes
Turn   | Place    | Note
-------+----------+-------------------------------------------
     0 | D:1      | webuiltaworld the Ghoul Monk began the quest for the Orb.
     0 | D:1      | Reached XP level 1. HP: 19/19 MP: 0/0
   241 | D:1      | Reached XP level 2. HP: 26/26 MP: 1/1
   915 | D:2      | Reached XP level 3. HP: 33/33 MP: 2/2
  1047 | D:2      | Noticed Natasha
  1053 | D:2      | Killed Natasha
  1054 | D:2      | Reached XP level 4. HP: 30/40 MP: 3/3
  1466 | D:2      | Noticed Natasha
  1492 | D:2      | Killed Natasha
  1493 | D:2      | Reached skill level 1 in Ranged Weapons
  1493 | D:2      | Reached skill level 1 in Stealth
  1493 | D:2      | Reached skill level 4 in Unarmed Combat
  1568 | D:2      | Reached XP level 5. HP: 46/46 MP: 4/4
  1696 | D:2      | Noticed Natasha
  1704 | D:2      | Killed Natasha
  2141 | D:3      | Found a faded altar of an unknown god.
  2304 | D:3      | Prayed at the altar of an unknown god.
  2304 | D:3      | Became a worshipper of Makhleb the Destroyer
  2304 | D:3      | Reached * piety under Makhleb
  2304 | D:3      | Reached ** piety under Makhleb
  2330 | D:4      | Reached skill level 1 in Armour
  2357 | D:4      | Reached skill level 5 in Unarmed Combat
  2357 | D:4      | Reached XP level 6. HP: 50/52 MP: 5/5
  2394 | D:4      | Found Guiff's Assorted Antiques.
  2429 | D:4      | Bought a wavering bone ring for 115 gold pieces
  2429 | D:4      | Identified the ring "Downam Geul" {rC++ MP+9 Str-2} (You
                  | bought it in a shop on level 4 of the Dungeon)
  2429 | D:4      | Bought a shiny garnet ring for 115 gold pieces
  2438 | D:4      | Reached *** piety under Makhleb
  2588 | D:4      | Noticed an orc warrior
  2603 | D:4      | Slain by an orc warrior

Illustrated notes

Levels and vault maps discovered:
D:1:      minmay_arrival_pointy, layout_basic, columned_hall_lemuel,
          hangedman_decor_lopped, minivault_26
D:2:      layout_loops_ring, uniq_natasha
D:3:      layout_rooms, hellmonk_ecumenical_altar_pennies_from_heaven,
          minmay_quantized
D:4:      layout_basic, serial_shops, nicolae_shop_dealshenge, uniq_pikel

Skill      XL: |  1  2  3  4  5 |
---------------+----------------+-----
Dodging        | 3 |  3.6
Fighting       | 4 |  4.2
Ranged Weapons | 1 |  1.2
Stealth        | 1 |  1.4
Unarmed Combat | 4 5 |  5.2
Armour         | 1 |  1.4

Action                     |  1- 3 |  4- 6 || total
---------------------------+-------+-------++-------
  Melee: Unarmed           |    59 |   142 ||   201
   Fire: Sling             |    18 |       ||    18
 Armour: Robe              |     9 |       ||     9
         Scale mail        |    20 |    67 ||    87
  Dodge: Dodged            |    46 |    89 ||   135
